 Dungeon Crawl Stone Soup version 0.30.1-3-gfc49f6343a (webtiles) character file.

Game seed: 10399759656204289932

1194 Peloso the Slasher (level 8, -9/70 HPs)
             Began as a Minotaur Fighter on July 27, 2023.
             Killed from afar by a steam dragon (18 damage)
             ... with a ball of steam
             ... on level 4 of the Dungeon.
             The game lasted 00:09:46 (3035 turns).

Peloso the Slasher (Minotaur Fighter)               Turns: 3035, Time: 00:09:47

Health: -9/70      AC: 12    Str: 21    XL:     8   Next: 20%
Magic:  7/7        EV: 12    Int:  7    God:
Gold:   202        SH:  5    Dex: 12    Spells: 7/7 levels left

rFire   . . .        a - +1 long sword (flame)
rCold   . . .        d - +0 buckler
rNeg    + . .        l - +5 ring mail of Zyig {Int+2 Stlth+}
rPois   .            (helmet restricted)
rElec   .            c - +0 cloak
rCorr   .            (no gloves)
SInv    .            (no boots)
Will    .....        p - amulet of faith
Stlth   ++           o - ring of positive energy
HPRegen 0.31/turn    (no ring)
MPRegen 0.10/turn

%: faith
@: studying Unarmed Combat
A: horns 2, retaliatory headbutt
a: no special abilities


You were on level 4 of the Dungeon.
You visited 1 branch of the dungeon, and saw 4 of its levels.

You collected 202 gold pieces.

Inventory:

Hand Weapons
 a - a +1 long sword of flaming (weapon)
Armour
 b - a +0 scale mail
 c - a +0 cloak (worn)
 d - a +0 buckler (worn)
 l - the +5 ring mail of Zyig (worn) {Int+2 Stlth+}
   (You found it on level 2 of the Dungeon)

   Int:       It affects your intelligence (+2).
   Stlth:     It makes you more stealthy.
Jewellery
 o - a ring of positive energy (left hand)
 p - an amulet of faith (around neck)
Scrolls
 f - 4 scrolls of immolation
 g - 2 scrolls of enchant weapon
 h - a scroll of identify {unknown}
 j - a scroll of brand weapon
 k - a scroll of amnesia {unknown}
 n - a scroll of poison {unknown}
 u - a scroll of fear {unknown}
Potions
 e - 3 potions of might
 i - a potion of haste {unknown}
 m - a potion of mutation {unknown}
 q - a potion of ambrosia {unknown}
 r - a potion of invisibility {unknown}
 s - a potion of magic {unknown}
 t - a potion of curing {unknown}
 v - a potion of cancellation {unknown}


   Skills:
 + Level 5.7 Fighting
 + Level 7.0 Long Blades
 + Level 6.3 Armour
 + Level 3.9 Dodging
 + Level 1.7 Stealth
 + Level 5.6 Shields


You had 7 spell levels left.
You didn't know any spells.
Your spell library contained the following spells:

 Spells                   Type           Power      Damage    Failure   Level
 Freeze                   Ice            0%         1d3       65%         1
 Sting                    Tmut/Pois      0%         1d3       65%         1
 Poisonous Vapours        Pois/Air       0%         N/A       80%         2
 Frozen Ramparts          Ice            0%         1d1       95%         3
 Hailstorm                Conj/Ice       0%         3d3       95%         3
 Ozocubu's Armour         Ice            0%         N/A       95%         3
 Olgreb's Toxic Radiance  Pois           0%         N/A       100%        4
 Metabolic Englaciation   Hex/Ice        0%         N/A       100%        5
 Simulacrum               Ice/Necr       0%         N/A       100%        6


Dungeon Overview and Level Annotations

Branches:
Dungeon (4/15)
 Temple: D:4-7

Altars:

Shops:
D:2 [   D:3 *


Innate Abilities, Weirdness & Mutations

You have a pair of horns on your head.
You reflexively headbutt those who attack you in melee.


Message History

The steam dragon claws you but does no damage.
Unknown command.
You hit the steam dragon but do no damage.
Your headbutt misses the steam dragon.
The steam dragon is moderately wounded.
The steam dragon bites you but does no damage.
The steam dragon claws you but does no damage.
Unknown command.
You closely miss the steam dragon.
The steam dragon is moderately wounded.
The steam dragon breathes steam at you. The ball of steam hits you!
* * * LOW HITPOINT WARNING * * *
You hear an angry hiss.
Unknown command.
You hit the steam dragon. You burn the steam dragon.
You headbutt the steam dragon.
The steam dragon is heavily wounded.
You are engulfed in a cloud of scalding steam.
The steam dragon bites you.
* * * LOW HITPOINT WARNING * * *
You block the steam dragon's attack.
You hit the steam dragon but do no damage.
The steam dragon is heavily wounded.
You are engulfed in a cloud of scalding steam.
The steam dragon bites you but does no damage.
The steam dragon claws you.
* * * LOW HITPOINT WARNING * * *
Unknown command.
You closely miss the steam dragon.
The steam dragon is heavily wounded.
The ogre closely misses you. You block the steam dragon's attack.
The steam dragon claws you but does no damage.
Unknown command.
You slash the steam dragon! You burn the steam dragon.
Your headbutt misses the steam dragon.
The steam dragon is severely wounded.
The steam dragon breathes steam at you. The ball of steam hits you!!
You die...

.....#........##
...........##....#.##
...........^.......###
#............##......#
....##............##
.............#.### .
#...........###
....##.D###......#
......O@.......>.#
......§....###...#
...#...§.### ##### #
###...# #####


You could see a steam dragon (catching breath) and an ogre.

Vanquished Creatures
  Pikel (D:3)
  2 black bears (D:3)
  4 lemures (D:3)
  A kobold brigand (D:4)
  A bullfrog (D:3)
  A gnoll bouda (D:4)
  Natasha (thrice) (D:3)
  3 orc wizards
  8 gnolls
  7 adders
  3 dart slugs
  7 orcs (D:3)
  9 ball pythons
  4 endoplasms
  4 giant cockroaches
  7 goblins
  6 hobgoblins
  4 jackals
  7 kobolds
  2 quokkas (D:3)
  5 bats
  3 frilled lizards
  2 rats
94 creatures vanquished.

Notes
Turn   | Place    | Note
-------+----------+-------------------------------------------
     0 | D:1      | Peloso the Minotaur Fighter began the quest for the Orb.
     0 | D:1      | Reached XP level 1. HP: 19/19 MP: 0/0
   234 | D:1      | Reached XP level 2. HP: 27/27 MP: 1/1
   876 | D:2      | Found Xowaath's Armour Shoppe.
  1046 | D:2      | Reached XP level 3. HP: 33/33 MP: 2/2
  1060 | D:2      | Identified the +5 ring mail of Zyig {Int+2 Stlth+}
  1224 | D:2      | Reached skill level 3 in Long Blades
  1624 | D:3      | Reached XP level 4. HP: 40/40 MP: 3/3
  1624 | D:3      | Noticed Natasha
  1633 | D:3      | Killed Natasha
  1678 | D:3      | Found a faded altar of an unknown god.
  1778 | D:3      | Reached skill level 5 in Armour
  1778 | D:3      | Reached XP level 5. HP: 44/47 MP: 4/4
  1842 | D:3      | Noticed Natasha
  1849 | D:3      | Killed Natasha
  1850 | D:3      | Reached skill level 4 in Long Blades
  1850 | D:3      | Reached skill level 1 in Dodging
  1905 | D:3      | Noticed a black bear
  1913 | D:3      | Killed a black bear
  1914 | D:3      | Reached XP level 6. HP: 53/53 MP: 5/5
  1959 | D:3      | Found Buighae's General Store.
  1966 | D:3      | Reached skill level 1 in Stealth
  2011 | D:3      | Noticed Natasha
  2016 | D:3      | Killed Natasha
  2024 | D:3      | Identified the +3 helmet of Muttered Phrases {Drain +Blink
                  | rF++ Will- Str+3}
  2278 | D:3      | Reached skill level 5 in Long Blades
  2391 | D:3      | Reached XP level 7. HP: 55/60 MP: 6/6
  2518 | D:4      | Noticed Pikel
  2671 | D:3      | Killed Pikel
  2672 | D:3      | Reached skill level 5 in Fighting
  2672 | D:3      | Reached skill level 6 in Long Blades
  2672 | D:3      | Reached skill level 5 in Shields
  2672 | D:3      | Reached XP level 8. HP: 41/69 MP: 7/7
  2835 | D:4      | Reached skill level 7 in Long Blades
  3035 | D:4      | Killed from afar by a steam dragon

Illustrated notes

Levels and vault maps discovered:
D:1:      co_arrival_square_in_a_square_in_a_square, layout_loops_ring
D:2:      layout_loops_corners, serial_shops, shop
D:3:      layout_basic, nicolae_ecumenical_snake_handling, serial_shops, shop,
          minmay_surrounded, uniq_natasha
D:4:      layout_cave_pools, minmay_manual_moon, uniq_pikel

Skill      XL: |  1  2  3  4  5  6  7  8 |
---------------+-------------------------+-----
Fighting       | 4 5 |  5.7
Shields        | 4 5 |  5.6
Armour         | 4 5 6 |  6.3
Long Blades    | 3 4 5 6 7 |  7.0
Dodging        | 1 2 3 |  3.9
Stealth        | 1 |  1.7

Action                     |  1- 3 |  4- 6 |  7- 9 || total
---------------------------+-------+-------+-------++-------
  Melee: Long sword        |    70 |    79 |   102 ||   251
         Headbutt          |    13 |    17 |    13 ||    43
    Use: Scroll            |     4 |       |       ||     4
         Potion            |     2 |       |       ||     2
   Stab: Sleeping          |       |     2 |       ||     2
 Armour: Scale mail        |    32 |       |       ||    32
         Ring mail         |    16 |    71 |    50 ||   137
  Dodge: Dodged            |    37 |    78 |    59 ||   174
  Block: Buckler           |    16 |    34 |    27 ||    77
